 Dungeon Crawl Stone Soup version 0.30.0-10-gfe55d96785 (webtiles) character file.

Game seed: 13994965611522754364

708809 wingedge the Ruinous (level 27, -17/198 HPs)
             Began as a Human Wanderer on May 14, 2023.
             Was the Champion of Kikubaaqudgha.
             Killed from afar by an orb of fire (19 damage)
             ... with a bolt of fire
             ... on level 5 of the Realm of Zot on May 16, 2023.
             The game lasted 09:11:52 (102087 turns).

wingedge the Ruinous (Human Wanderer)             Turns: 102087, Time: 09:11:52

Health: -17/198    AC: 13    Str: 21    XL:     27
Magic:  5/45       EV: 13    Int: 31    God:    Kikubaaqudgha [******]
Gold:   5913       SH: 18    Dex: 14    Spells: 1/62 levels left

rFire   + . .        e - staff of earth "Burphes" {rC+ rCorr}
rCold   + . .        O - +5 Storm Queen's Shield {shock, Fly rElec}
rNeg    + + .        N - +0 robe of the Valley {Will+, rElec Regen+ Str+5 Dex-4}
rPois   +            P - +2 hat of the Invisible Hand {rF+ Str+3 Int+3}
rElec   +            V - +2 cloak {rCorr}
rCorr   +            j - +1 pair of gloves of Janop {rN+ SInv}
SInv    +            J - +2 pair of boots {Fly}
Will    +++..        M - amulet "Jofait" {rPois rC- rN+ Regen+ Dex+3}
Stlth   +++          Y - ring "Yqeagh" {*Corrode rPois rC+ Str+3 Int+3}
HPRegen 2.13/turn    w - ring of wizardry
MPRegen 0.29/turn

%: corrode self (3%), wizardry (x1)
@: death channelling, vertiginous, flying, hasted, studying Ranged Weapons,
unable to read, unable to drink, very quick
A: hooves 1, camouflage 1, clumsy 1, deformed body, frail 1, poison resistance,
subdued magic 3, inability to drink after injury 1, inability to read after
injury 1, MP-powered wands, devolution 1
}: 5/15 runes: decaying, serpentine, slimy, silver, abyssal
a: Renounce Religion, Unearth Wretches, Torment


You were on level 5 of the Realm of Zot.
You worshipped Kikubaaqudgha.
Kikubaaqudgha was exalted by your worship.
You visited 12 branches of the dungeon, and saw 56 of its levels.
You visited the Abyss 2 times.
You also visited: Bailey, Gauntlet and Ice Cave.

You collected 9097 gold pieces.
You spent 3184 gold pieces at shops.

Inventory:

Hand Weapons
 a - the +9 morningstar "Vexesimpu" {vamp, rF++ rC+++ Dex-4}
   (You took it off an orc knight on level 5 of the Vaults)

   Dex:       It affects your dexterity (-4).
   rF:        It greatly protects you from fire.
   rC:        It renders you almost immune to cold.
 b - a +9 vampiric demon trident
 c - a +2 demon trident of draining
 A - a +5 demon trident of pain
Armour
 j - the +1 pair of gloves of Janop (worn) {rN+ SInv}
   (You found it in a Gauntlet)

   rN:        It protects you from negative energy.
   SInv:      It lets you see invisible.
 o - the scarf of Syndicalism {repulsion, Str+2}
   (You acquired it on level 4 of the Vaults)

   Str:       It affects your strength (+2).
 J - a +2 pair of boots of flying (worn)
 N - the +0 robe of the Valley (worn) {Will+, rElec Regen+ Str+5 Dex-4}
   (You bought it in a shop on level 3 of the Depths)

   Str:       It affects your strength (+5).
   Dex:       It affects your dexterity (-4).
   rElec:     It insulates you from electricity.
   Regen:     It increases your rate of health regeneration.
 O - the +5 Storm Queen's Shield (worn) {shock, Fly rElec}
   (You found it on level 1 of the Swamp)

   Shock:     When it blocks an attack, it may electrocute the attacker.
   This works even against foes who are a short distance away.
   rElec:     It insulates you from electricity.
   Fly:       It grants you flight.
 P - the +2 hat of the Invisible Hand (worn) {rF+ Str+3 Int+3}
   (You found it on level 1 of the Swamp)

   Str:       It affects your strength (+3).
   Int:       It affects your intelligence (+3).
   rF:        It protects you from fire.
 V - a +2 cloak of preservation (worn)
Magical Staves
 d - a staff of death
 e - the staff of earth "Burphes" (weapon) {rC+ rCorr}
   (You found it on level 5 of the Pits of Slime)

   [staff of earth]

   Base accuracy: +5 Base damage: 5 Base attack delay: 1.2 This weapon's minimum
   attack delay (0.6) is reached at skill level 12.
   rC:        It protects you from cold.
   rCorr:     It protects you from acid and corrosion.
   It falls into the 'Staves' category.
   It is a one-handed weapon.
 f - a staff of fire
 R - the staff of air "Secem" {rElec rC- Will++ rCorr Dex-3}
   (You found it on level 5 of the Pits of Slime)

   [staff of air]

   Base accuracy: +5 Base damage: 5 Base attack delay: 1.2 This weapon's minimum
   attack delay (0.6) is reached at skill level 12.
   Dex:       It affects your dexterity (-3).
   rC:        It makes you vulnerable to cold.
   rElec:     It insulates you from electricity.
   rCorr:     It protects you from acid and corrosion.
   Will:      It greatly increases your willpower.
   It falls into the 'Staves' category.
   It is a one-handed weapon.
Jewellery
 q - the ring "Zeymman" {+Blink Fly rF+ rN+}
   (You acquired it on level 3 of the Lair of Beasts)

   [ring of protection from fire]

   rF:        It protects you from fire.
   rN:        It protects you from negative energy.
   Fly:       It grants you flight.
   +Blink:    It lets you blink.
 r - the ring "Zein" {rC+ MP+9 Str+2 Dex+3}
   (You took it off a deep elf demonologist on level 3 of the Elven Halls)

   [ring of magical power]

   Str:       It affects your strength (+2).
   Dex:       It affects your dexterity (+3).
   rC:        It protects you from cold.
   MP:        It affects your magic capacity (+9).
 s - an amulet of magic regeneration
 u - a +6 ring of intelligence
 w - a ring of wizardry (right hand)
 M - the amulet "Jofait" (around neck) {rPois rC- rN+ Regen+ Dex+3}
   (You found it on level 1 of the Swamp)

   [amulet of regeneration]

   Dex:       It affects your dexterity (+3).
   rC:        It makes you vulnerable to cold.
   rPois:     It protects you from poison.
   rN:        It protects you from negative energy.
   Regen:     It increases your rate of health regeneration.
 S - the ring "Librize" {Fire Dex+3}
   (You found it on level 5 of the Pits of Slime)

   [ring of fire]

   It enhances your fire magic.
   Dex:       It affects your dexterity (+3).
   rF:        It protects you from fire.
   rC:        It makes you vulnerable to cold.
 W - the ring of Veitu {rF+ Will++ Int-3}
   (You found it on level 2 of the Realm of Zot)

   [ring of protection from fire]

   Int:       It affects your intelligence (-3).
   rF:        It protects you from fire.
   Will:      It greatly increases your willpower.
 Y - the ring "Yqeagh" (left hand) {*Corrode rPois rC+ Str+3 Int+3}
   (You found it on level 2 of the Realm of Zot)

   [ring of poison resistance]

   Str:       It affects your strength (+3).
   Int:       It affects your intelligence (+3).
   rC:        It protects you from cold.
   rPois:     It protects you from poison.
   *Corrode:  It may corrode you when you take damage.
Wands
 L - a wand of light (35)
 X - a wand of digging (34)
Scrolls
 g - 27 scrolls of teleportation
 k - 13 scrolls of fear
 m - 7 scrolls of torment
 y - 5 scrolls of enchant armour
 E - 2 scrolls of brand weapon
 G - 8 scrolls of amnesia
 K - 8 scrolls of magic mapping
 Q - 16 scrolls of fog
Potions
 i - 5 potions of haste
 n - a potion of magic
 p - 9 potions of mutation
 t - 22 potions of curing
 v - 7 potions of invisibility
 x - 3 potions of brilliance
 z - 3 potions of might
 D - 7 potions of cancellation
 F - 3 potions of ambrosia
 U - a potion of resistance


   Skills:
 - Level 19.0 Fighting
 - Level 14.0 Polearms
 - Level 10.0 Armour
 - Level 14.0 Dodging
 - Level 1.0 Stealth
 - Level 14.0 Shields
 - Level 18.0 Spellcasting
 + Level 21.0 Conjurations
 + Level 6.9 Summonings
 - Level 20.0 Necromancy
 + Level 20.9 Fire Magic
 - Level 11.0 Ice Magic
 - Level 7.0 Air Magic
 - Level 14.0 Earth Magic
 - Level 1.0 Invocations
 - Level 6.0 Evocations


You had one spell level left.
You knew the following spells:

 Your Spells              Type           Power      Damage    Failure   Level
a - Death Channel         Necr           34%        N/A       1%          6
b - Fire Storm            Conj/Fire      35%        8d9       17%         9
c - Haunt                 Necr/Summ      27%        N/A       3%          7
d - Sublimation of Blood  Necr           68%        N/A       0%          2
e - Borgnjor's Vile Clut  Necr/Erth      40%        N/A       1%          5
f - Lehudib's Crystal Sp  Conj/Erth      41%        10d10     5%          8
g - Freezing Cloud        Conj/Ice/Air   27%        6-21      1%          5
h - Ozocubu's Armour      Ice            50%        N/A       1%          3
j - Infestation           Necr           34%        N/A       1%          8
k - Ignition              Fire           35%        3d11      1%          8

Your spell library contained the following spells:

 Spells                   Type           Power      Damage    Failure   Level
 Kiss of Death            Conj/Necr      100%       2d13      0%          1
 Necrotise                Necr           100%       1d9       0%          1
 Sandblast                Erth           100%       2d20      0%          1
 Beastly Appendage        Tmut           28%        N/A       1%          1
 Slow                     Hex            56%        N/A       1%          1
 Sting                    Tmut/Pois      56%        1d5       1%          1
 Summon Small Mammal      Summ           100%       N/A       1%          1
 Static Discharge         Conj/Air       100%       2-7/arc   0%          2
 Stone Arrow              Conj/Erth      100%       3d13      0%          3
 Vampiric Draining        Necr           68%        2d10      0%          3
 Animate Dead             Necr           68%        N/A       0%          4
 Dispel Undead            Necr           68%        3d23      0%          4
 Sticky Flame             Conj/Fire      70%        2d8       0%          4
 Fireball                 Conj/Fire      35%        3d15      0%          5
 Iskenderun's Battlesphe  Conj           70%        2d12      0%          5
 Blink                    Tloc           28%        N/A       1%          2
 Call Imp                 Summ           74%        N/A       1%          2
 Cigotuvi's Dreadful Rot  Necr/Pois/Air  88%        N/A       1%          2
 Lesser Beckoning         Tloc           28%        N/A       1%          2
 Momentum Strike          Conj/Tloc      96%        3d10      1%          2
 Poisonous Vapours        Pois/Air       52%        N/A       1%          2
 Wereblood                Tmut           14%        N/A       1%          2
 Call Canine Familiar     Summ           37%        N/A       1%          3
 Dazzling Flash           Conj/Hex       96%        N/A       1%          3
 Ignite Poison            Fire/Tmut/Pois 37%        N/A       1%          3
 Mephitic Cloud           Conj/Pois/Air  45%        N/A       1%          3
 Summon Guardian Golem    Hex/Summ       25%        N/A       1%          3
 Swiftness                Air            37%        N/A       1%          3
 Airstrike                Air            18%        2d(3-19)  1%          4
 Anguish                  Hex/Necr       23%        N/A       1%          4
 Animate Armour           Summ/Erth      100%       N/A       1%          4
 Iskenderun's Mystic Bla  Conj/Tloc      48%        2d11      1%          4
 Leda's Liquefaction      Hex/Erth       27%        N/A       1%          4
 Petrify                  Tmut/Erth      54%        N/A       1%          4
 Summon Lightning Spire   Summ/Air       37%        N/A       1%          4
 Agony                    Necr           68%        N/A       1%          5
 Irradiate                Conj/Tmut      24%        3d19      1%          5
 Conjure Ball Lightning   Conj/Air       28%        3x3d8     1%          6
 Iron Shot                Conj/Erth      41%        9d8       1%          6
 Simulacrum               Ice/Necr       30%        N/A       1%          6
 Starburst                Conj/Fire      35%        6d10      1%          6
 Orb of Destruction       Conj           35%        9d10      1%          7
 Borgnjor's Revivificati  Necr           34%        N/A       1%          8
 Confusing Touch          Hex            14%        N/A       3%          3
 Gell's Gravitas          Tloc           14%        N/A       3%          3
 Portal Projectile        Hex/Tloc       28%        N/A       3%          3
 Spider Form              Tmut/Pois      14%        N/A       3%          3
 Teleport Other           Tloc           14%        N/A       3%          3
 Tukima's Dance           Hex            14%        N/A       3%          3
 Metabolic Englaciation   Hex/Ice        16%        N/A       3%          5
 Silence                  Hex/Air        13%        N/A       7%          5
 Summon Forest            Summ/Tloc      12%        N/A       7%          5
 Summon Mana Viper        Hex/Summ       25%        N/A       7%          5
 Statue Form              Tmut/Erth      36%        N/A       9%          6
 Cause Fear               Hex            7%         N/A       10%         4
 Manifold Assault         Tloc           14%        N/A       10%         4
 Olgreb's Toxic Radiance  Pois           14%        N/A       10%         4
 Passage of Golubria      Tloc           14%        N/A       10%         4
 Alistair's Intoxication  Tmut/Pois      9%         N/A       26%         5
 Blade Hands              Tmut           7%         N/A       26%         5
 Death's Door             Necr           34%        N/A       26%         9
 Summon Hydra             Summ           18%        N/A       43%         7
 Necromutation            Tmut/Necr      23%        N/A       67%         8
 Dispersal                Tloc           7%         N/A       78%         6
 Eringya's Noxious Bog    Tmut/Pois      7%         N/A       78%         6
 Storm Form               Tmut/Air       13%        N/A       86%         7
 Chain Lightning          Conj/Air       28%        3d38      95%         9
 Shatter                  Erth           37%        3d29*     95%         9
 Dragon Form              Tmut           7%         N/A       100%        7
 Enfeeble                 Hex            7%         N/A       100%        7
 Discord                  Hex            7%         N/A       100%        8
 Disjunction              Tloc           7%         N/A       100%        8


Dungeon Overview and Level Annotations

Branches:
Dungeon (15/15)            Temple (1/1) D:7            Lair (5/5) D:8
  Swamp (4/4) Lair:3        Snake (4/4) Lair:3        Slime (5/5) Lair:5
    Orc (2/2) D:11            Elf (3/3) Orc:2        Vaults (5/5) D:14
  Crypt (3/3) Vaults:2       Tomb (0/3) Crypt:3      Depths (4/4) D:15
    Zot (5/5) Depths:4     Bailey (visited)           IceCv (visited)
Gauntlet (visited)

Altars:
Ashenzari
Cheibriados
Dithmenos
Elyvilon
Fedhas
Gozag
Hepliaklqana
Kikubaaqudgha
Makhleb
Nemelex Xobeh
Okawaru
Qazlal
Ru
Sif Muna
Trog
Uskayaw
Vehumet
Wu Jian
Xom
Yredelemnul
Zin
The Shining One
Jiyva

Shops:
D:5 :   D:6 (   D:14 *   Orc:2 ([*:   Elf:2 !   Elf:3 :==   Snake:3 *
Vaults:2 :   Vaults:4 (   Crypt:1 *   Depths:3 *

Portals:
Hell: Depths:1 Depths:2 Depths:3 Depths:4
Abyss: Depths:3 Depths:4
Pandemonium: Depths:1 Depths:2
Ziggurat: Depths:2
Trove: Depths:4 (give 2 scrolls of acquirement)


Innate Abilities, Weirdness & Mutations

You have large cloven feet.
Your skin changes colour to match your surroundings (Stealth+).
You are clumsy. (Dex -2)
Armour fits poorly on your strangely shaped body.
You are frail. (-10% HP)
Your system is resistant to poisons. (rPois)
Your spells are much easier to cast, but much less powerful.
You occasionally lose the ability to drink potions when taking damage.
You occasionally lose the ability to read scrolls when taking damage.
You expend magic power (3 MP) to strengthen your wands.
You have hidden genetic defects.


Message History

The Killer Klown trip-wires your spectral Orb Guardian with a +11 club of electrocution!!
Your spectral Orb Guardian is destroyed!
The electric golem attacks as you move away!
The electric golem hits you but does no damage.
You block the electric golem's attack. x2
The electric golem completely misses you.
A purple draconian comes into view. It is wielding a +0 glaive.
The dread lich casts a spell.
Your spectral draconian shifter hits the orb of fire but does no damage.
The Orb Guardian is engulfed in blazing flames.
The Killer Klown blinks!
The electric golem attacks as you move away!
The electric golem hits you but does no damage.
You block the electric golem's attack.
The electric golem hits you but does no damage. x2
The orb of fire glows yellow.
The bolt of fire hits your spectral draconian shifter!!!
The Orb Guardian hits your spectral draconian shifter!
Your spectral draconian shifter closely misses the orb of fire.
A nearby golden dragon perishes wretchedly.
A nearby purple draconian perishes wretchedly.
A nearby moth of wrath perishes wretchedly.
Your fire vortex hits the Killer Klown.
Your fire vortex burns the Killer Klown!
Your fire vortex dissipates!
The green death gestures at you. The blast of poison engulfs you. You resist.
* * * LOW HITPOINT WARNING * * *
The Orb Guardian hits your spectral draconian shifter!
The orb of fire glows yellow.
The bolt of fire hits your spectral draconian shifter!!!!
Your spectral draconian shifter is destroyed!
The Killer Klown pies you viciously! The klown pie hits you!!
Plum!
You feel light-headed.
You feel threatened and lose the ability to drink potions!
* * * LOW HITPOINT WARNING * * *
The orb of fire glows bright magenta.
The bolt of fire hits you!! You resist.
You die...
Kikubaaqudgha rasps: "You have failed me!
Welcome... death!"

#######▓▓▓▓########p########▓▓▓▓#
...............†*.X..............
..............†.X.X.Z............
........###....†ZLX2^............
.......## #⌠.Z†...○.p.....#......
.......####...§.☼9§).°...####....
........##.....☼**.......####....
..##..........§§○☼........##.....
####.........###@§☼..#.....#.....
## ##.......## #§..####.........#
.# #.......## #....# #.........#
.## ##.......###....####.......##
..## ##.............#.........##
...## ##.....................## #
....## ###.................### ##
.....## ###.............### ##.
......## #..............## ##..


You could see 3 orbs of fire, a Killer Klown, an electric golem (infested), a
dread lich (invisible), 4 Orb Guardians, a green death (summoned), a friendly
spectral golden dragon, a friendly spectral moth of wrath and a friendly
spectral purple draconian.

Vanquished Creatures
  the Royal Jelly (Slime:5)
  2 dread liches
  An ancient lich (Vaults:5)
  An orb of fire (Zot:5)
  The ghost of stpyramids the Champion of Chaos, a legendary DDFi of Makhleb (Zot:3)
  2 juggernauts
  Sojobo (Vaults:5)
  The ghost of Urrumaza the Conqueror, a master MfBe of Trog (Zot:3)
  The ghost of Ulecsuczon the Impregnable, a veteran MiGl of Hepliaklqana (Crypt:1)
  2 Killer Klowns
  The ghost of Puzeuriu the Slayer, a master VSBe of Trog (Zot:3)
  6 curse toes
  2 caustic shrikes (Depths:4)
  4 golden dragons
  A bone dragon (Depths:4)
  The ghost of Pikuto the Slayer, an adept MiBe of Trog (Depths:1)
  An electric golem (Zot:3)
  Zenata (Elf:1)
  14 tentacled monstrosities
  5 liches
  6 Orb Guardians (Zot:5)
  4 titans
  6 quicksilver dragons
  2 deep elf blademasters (Elf:3)
  3 deep elf master archers (Elf:3)
  16 acid blobs
  2 ancient champions
  9 tentacled starspawn
  12 death cobs
  3 sphinxes
  2 tengu reavers
  3 thorn hunters
  6 draconian monks
  Gastronok (D:12)
  8 azure jellies
  8 shadow dragons
  A fenstrider witch (Swamp:1)
  2 revenants (Crypt:1)
  2 daevas
  Donald (Swamp:1)
  2 rockslimes
  13 storm dragons
  A nagaraja (Snake:4)
  4 fire giants
  2 draconian knights (Zot:2)
  4 frost giants
  2 deep elf sorcerers (Elf:3)
  An emperor scorpion (Crypt:1)
  An iron dragon (Vaults:5)
  10 vault wardens
  A spectral caustic shrike (Crypt:3)
  The ghost of Kumod the Sorcerer, an adept DECj of Sif Muna (D:15)
  4 draconian scorchers
  4 draconian shifters
  Aizul (Vaults:3)
  Louise (Depths:3)
  3 curse skulls
  5 deep elf elementalists
  2 war gargoyles
  4 ghost moths
  A balrug (Depths:1)
  16 ghouls
  The ghost of Cievud the Devastator, a journeyman GrFE of Vehumet (D:14)
  4 draconian stormcallers
  4 ironbound thunderhulks
  7 draconian annihilators
  3 orc warlords
  A juggernaut zombie (Depths:1)
  A cacodemon (Zot:2)
  2 reapers
  2 spriggan defenders
  24 very ugly things
  10 black draconians
  8 ironbound preservers
  10 quicksilver oozes
  11 stone giants
  5 green draconians
  9 vampire knights
  2 eleionomae
  4 deep elf annihilators (Elf:3)
  2 deep elf demonologists (Elf:3)
  7 dire elephants
  9 yellow draconians
  6 spark wasps
  3 bunyips
  A minotaur (Gauntlet)
  6 red draconians
  4 purple draconians
  6 white draconians
  7 eidola
  A green death (Gauntlet)
  A quicksilver dragon zombie (Depths:1)
  A very ugly thing zombie (Depths:1)
  8 ettins
  A blizzard demon (Depths:1)
  4 fire dragons
  6 jiangshi
  3 shambling mangroves (Swamp:1)
  An entropy weaver (Vaults:1)
  Josephine (Orc:1)
  17 vault guards
  11 yaktaur captains
  2 deep elf death magi
  5 great orbs of eyes
  4 deep elf high priests (Elf:3)
  A peacekeeper (Vaults:3)
  A hell beast (Depths:1)
  2 rakshasas
  Fannar (D:12)
  5 ice dragons
  2 juggernaut simulacra (Depths:1)
  6 two-headed ogres
  17 hydras
  3 salamander tyrants
  3 spriggan skeletons
  16 centaur warriors
  8 ironbound frosthearts
  3 spectral stone giants (Depths:1)
  Erica (Orc:1)
  3 boulder beetles
  2 death knights (Crypt:1)
  15 anacondas
  4 deep troll shamans
  5 spriggan berserkers
  13 naga warriors
  31 dancing weapons
  4 deep troll earth magi
  7 tengu warriors
  An alligator (Swamp:3)
  A death yak (Lair:2)
  7 orc high priests
  6 vampire magi
  3 titan zombies (Depths:1)
  5 hell hogs (Abyss:3)
  5 shock serpents
  8 naga sharpshooters
  6 thrashing horrors
  7 hell knights
  9 wretched stars
  A soul eater (Crypt:2)
  A spectral naga (Crypt:3)
  15 deep elf knights
  2 titan skeletons (Crypt:2)
  An iron troll (Depths:1)
  4 sun demons
  2 skysharks (Lair:5)
  32 skeletal warriors
  6 salamander mystics
  4 sea snakes (Snake:1)
  A golden dragon zombie (D:15)
  A death drake (Swamp:2)
  10 shadow wraiths
  37 deep trolls
  7 goliath frogs
  6 lindwurms
  8 flayed ghosts
  5 swamp dragons
  2 glowing orange brains (Depths:2)
  2 bunyip skeletons (Crypt:2)
  A spark wasp zombie (Depths:1)
  12 bog bodies
  4 spectral hydras (Swamp:2)
  An obsidian statue (Swamp:1)
  6 wizards
  26 phantasmal warriors
  A swamp dragon (shapeshifter) (Depths:4)
  2 naga ritualists
  3 spriggan druids
  12 deep elf archers
  19 ironbound convokers
  An anaconda skeleton (Crypt:2)
  17 mana vipers
  7 necromancers
  A golden dragon skeleton (Vaults:4)
  11 starcursed masses
  26 ugly things
  24 deep elf pyromancers
  3 goliath frog zombies (Swamp:2)
  2 mana vipers (shapeshifter)
  16 deep elf zephyrmancers
  5 orc sorcerers
  10 orc knights
  A frost giant zombie (D:15)
  20 salamanders
  2 human zombies
  34 moths of wrath
  A manticore (shapeshifter) (Depths:3)
  3 manticores
  3 shining eyes
  A worldbinder (Abyss:3)
  A spectral ettin (Crypt:3)
  6 cyclopes
  An eleionoma zombie (Swamp:2)
  3 will-o-the-wisps
  An apocalypse crab (Abyss:2)
  An elf zombie (Elf:3)
  Joseph (D:10)
  2 ice statues (IceCv)
  16 naga magi
  12 vault sentinels
  9 guardian serpents
  2 centaur zombies
  33 black mambas
  11 elephants
  4 smoke demons
  A torpor snail (shapeshifter) (Depths:3)
  4 titan simulacra
  3 rust devils
  A stone giant skeleton (Vaults:4)
  2 eyes of devastation
  2 gargoyles
  5 orange demons
  8 cane toads
  An orc skeleton (Crypt:2)
  A hellion (Abyss:3)
  5 yaktaur zombies
  3 centaur skeletons (D:14)
  3 rime drakes
  A cane toad (shapeshifter) (D:14)
  2 unseen horrors
  3 naga skeletons (Crypt:2)
  An unseen horror zombie (Crypt:1)
  20 yaktaurs
  2 sea snake zombies (Snake:1)
  3 spriggan zombies
  2 efreet (Abyss:3)
  6 swamp worm zombies (Swamp:2)
  9 freezing wraiths
  3 tengu conjurers
  A tormentor (Depths:1)
  A minotaur skeleton (Crypt:3)
  3 ancient zymes
  A red devil (Depths:1)
  3 komodo dragons
  A grey draconian skeleton (Crypt:1)
  2 mana viper zombies
  A yaktaur (shapeshifter) (Elf:1)
  4 trolls
  5 tyrant leeches
  2 bloated husks (Swamp:4)
  8 hornets
  20 raiju
  An alligator zombie (Swamp:2)
  A death drake skeleton (Crypt:2)
  3 harpy skeletons
  2 spectral swamp dragons (Swamp:2)
  8 blink frogs
  7 dream sheep (Lair:5)
  A human simulacrum (Crypt:2)
  3 stone giant simulacra (Depths:1)
  47 slime creatures
  23 flying skulls
  A vampire (D:14)
  4 air elementals
  7 water elementals
  3 wyverns
  4 spriggans
  9 shadows
  17 wraiths
  Sigmund (D:4)
  47 yaks
  2 black mamba zombies
  3 ynoxinuls
  5 tyrant leech zombies
  A fire bat (Abyss:2)
  16 large abominations
  14 vampire mosquitoes
  2 basilisks (Lair:2)
  4 chaos spawn
  5 neqoxecs
  4 redbacks
  2 fire elementals
  5 steam dragons
  11 swamp worms
  A deep troll zombie (Vaults:3)
  A demonspawn zombie (Crypt:3)
  7 wargs
  A glowing shapeshifter zombie (D:15)
  2 acid dragons
  34 nagas
  21 water moccasins
  A deep troll skeleton (Crypt:2)
  14 small abominations
  A two-headed ogre skeleton (Crypt:3)
  An ogre skeleton (Vaults:4)
  8 swamp drakes
  A faun skeleton (Crypt:3)
  A sky beast (D:7)
  Pargi (D:4)
  38 orc warriors
  2 great orb of eyes simulacra (IceCv)
  A dream sheep zombie (Lair:5)
  3 ice beasts
  4 ogres
  2 hornet zombies (Swamp:1)
  15 centaurs
  A dream sheep skeleton (Crypt:3)
  A slime creature simulacrum (IceCv)
  3 phantoms
  2 salamander zombies
  A kobold brigand (D:11)
  Blork the orc (D:5)
  2 necrophages
  A gnoll sergeant (D:12)
  11 bullfrogs
  An earth elemental (Elf:2)
  2 glowing shapeshifter simulacra (IceCv)
  6 scorpions
  A hornet simulacrum (D:15)
  13 wights
  3 troll zombies (Swamp:2)
  2 tengu zombies
  3 yak zombies (Lair:5)
  11 killer bees
  3 howler monkeys
  10 electric eels
  A crimson imp (Abyss:1)
  A quasit (Abyss:2)
  29 orc priests
  A basilisk zombie (Lair:4)
  3 hounds
  2 jellies
  5 iguanas
  A basilisk skeleton (Crypt:2)
  Natasha (twice) (D:2)
  46 orc wizards
  6 shapeshifter simulacra (IceCv)
  5 naga zombies
  18 gnolls
  10 adders
  A shadow imp (D:6)
  A swamp drake skeleton (Crypt:2)
  9 white imps
  2 dart slugs (D:4)
  108 orcs
  3 ball pythons
  12 endoplasms
  2 giant cockroaches
  2 goblins
  4 hobgoblins
  7 jackals
  3 quokkas
  4 bats
  4 frilled lizards
  A frilled lizard skeleton (Crypt:1)
  10 kobolds
  A kobold zombie (D:11)
  13 orc zombies
  4 rats (D:3)
  A lurking horror (Abyss:3)
  3 starspawn tentacles (Abyss:3)
2159 creatures vanquished.

Vanquished Creatures (collateral kills)
  A dread lich (Zot:2)
  2 ancient liches (Crypt:1)
  the Lernaean hydra (Swamp:4)
  A Killer Klown (Zot:5)
  3 caustic shrikes (Depths:4)
  5 golden dragons
  6 Orb Guardians (Zot:5)
  8 tentacled monstrosities
  A shard shrike zombie (Crypt:2)
  A lich (Vaults:5)
  8 acid blobs (Slime:5)
  5 ancient champions
  2 titans
  A quicksilver dragon (Zot:4)
  4 shadow dragons
  2 draconian monks
  A thorn hunter (Swamp:1)
  3 revenants
  4 tengu reavers (Vaults:5)
  4 storm dragons
  6 rockslimes
  A draconian knight (Zot:3)
  5 frost giants
  A nagaraja (Snake:4)
  2 iron dragons
  2 draconian scorchers (Zot:2)
  2 deep elf sorcerers (Elf:3)
  7 vault wardens
  3 fire giants
  A spectral juggernaut (Depths:1)
  2 ghouls
  A balrug (Depths:3)
  6 curse skulls
  A draconian stormcaller (Zot:3)
  5 quicksilver oozes
  12 ironbound preservers
  2 draconian shifters
  17 very ugly things
  A caustic shrike skeleton (Depths:1)
  2 cacodemons (Zot:2)
  A spriggan defender (Depths:4)
  5 ironbound thunderhulks
  2 vampire knights
  8 stone giants
  4 eleionomae
  2 deep elf demonologists
  6 green draconians
  9 black draconians
  2 dire elephants
  A deep elf annihilator (Elf:3)
  3 yellow draconians
  4 purple draconians
  2 white draconians (Zot:1)
  4 red draconians
  4 bunyips
  2 eidola (Crypt:3)
  A starcursed mass (Abyss:3)
  3 spark wasps
  3 blizzard demons
  A fire dragon (Lair:5)
  3 deep elf death magi
  4 ettins
  4 jiangshi (Crypt:1)
  A shambling mangrove (Swamp:4)
  2 entropy weavers
  6 great orbs of eyes
  19 vault guards
  5 yaktaur captains
  A salamander tyrant (Snake:4)
  2 spriggan skeletons (Crypt:2)
  4 ice dragons
  2 centaur warriors
  5 hydras
  3 ironbound frosthearts
  5 anacondas
  A two-headed ogre (D:14)
  A fenstrider witch skeleton (Crypt:2)
  6 naga warriors
  5 alligators
  2 death yaks (Lair:2)
  3 deep troll shamans
  2 tengu warriors
  3 shock serpents
  A naga sharpshooter (Snake:3)
  A vampire mage (Crypt:3)
  A soul eater (Depths:1)
  12 hell knights
  2 skysharks
  A wretched star (Abyss:3)
  Amaemon (Lair:3)
  3 spriggan riders
  An iron troll (Depths:4)
  3 shadow wraiths (Crypt:3)
  A sixfirhy (Depths:2)
  2 salamander mystics (Snake:4)
  21 skeletal warriors
  2 spriggan druids (Swamp:4)
  A death drake (Abyss:3)
  A glowing orange brain (Vaults:1)
  5 swamp dragons
  2 sea snakes (Snake:1)
  9 ironbound convokers
  14 phantasmal warriors
  2 bog bodies
  5 flayed ghosts
  25 deep trolls
  6 lindwurms
  2 deep elf pyromancers
  2 wizards
  A necromancer (Depths:1)
  5 naga ritualists
  2 deep elf zephyrmancers (Elf:3)
  A broodmother zombie (Crypt:2)
  2 orc knights
  An anaconda skeleton (Crypt:2)
  A sphinx zombie (Depths:1)
  A goliath frog zombie (Swamp:2)
  An obsidian statue (Crypt:1)
  A wolf spider (D:15)
  3 shining eyes
  3 mana vipers
  8 salamanders
  3 will-o-the-wisps (Swamp:2)
  13 ugly things
  3 large abominations (Abyss:3)
  A shadow dragon skeleton (Crypt:2)
  A manticore (D:15)
  10 moths of wrath
  A demonic crawler (Abyss:3)
  7 black mambas
  5 guardian serpents
  3 cane toads
  5 elephants (Lair:5)
  6 vault sentinels
  5 eyes of devastation
  5 naga magi
  A gargoyle (D:11)
  A torpor snail (shapeshifter) (Vaults:5)
  An apocalypse crab (Abyss:2)
  A centaur skeleton (Crypt:2)
  An orange demon (Abyss:3)
  2 dire elephant skeletons (Crypt:2)
  2 smoke demons
  An ice devil (Depths:2)
  An unseen horror (D:12)
  12 yaktaurs
  A swamp worm zombie (Swamp:2)
  A rime drake (Lair:5)
  5 freezing wraiths
  A red draconian skeleton (Crypt:2)
  2 komodo dragons
  An alligator snapping turtle skeleton (Crypt:2)
  An ancient zyme (Abyss:3)
  A red devil (Abyss:3)
  2 human zombies (Vaults:5)
  12 raiju
  8 hornets
  4 tyrant leeches
  A harpy skeleton (Crypt:2)
  8 blink frogs
  A stone giant simulacrum (Depths:1)
  2 jumping spiders (Vaults:1)
  A jumping spider zombie (Crypt:1)
  48 slime creatures
  6 spriggans
  2 shadows
  A fire dragon skeleton (Crypt:2)
  A wyvern (Lair:3)
  2 slime creature zombies (Crypt:1)
  9 flying skulls
  A water elemental (Depths:1)
  6 wraiths
  17 yaks
  A ynoxinul (Abyss:1)
  A black mamba skeleton (Crypt:2)
  3 basilisks
  7 vampire mosquitoes
  A chaos spawn (Depths:2)
  A swamp worm (shapeshifter) (Vaults:5)
  5 swamp worms
  13 nagas
  3 acid dragons
  A deep troll zombie (Vaults:3)
  6 water moccasins
  A faun skeleton (Crypt:1)
  A water nymph skeleton (Crypt:1)
  A cane toad skeleton (Crypt:3)
  3 swamp drakes (Swamp:4)
  9 orc warriors
  A snapping turtle zombie (Crypt:1)
  A black bear (shapeshifter) (Abyss:2)
  7 small abominations
  A hog zombie (Crypt:2)
  4 centaurs
  A manticore skeleton (Crypt:3)
  A slime creature simulacrum (IceCv)
  4 bullfrogs
  A water moccasin zombie (Crypt:2)
  A glowing shapeshifter simulacrum (IceCv)
  A salamander skeleton (Crypt:3)
  4 wights
  2 killer bees (D:8)
  2 howler monkeys (D:11)
  2 electric eels (Snake:1)
  A quasit (Abyss:3)
  A jelly (Lair:5)
  2 iron imps
  2 iguanas (Lair:5)
  3 orc wizards
  2 naga zombies
  8 white imps
  An ufetubus (Abyss:2)
  8 orcs
  An endoplasm (Lair:5)
  A river rat zombie (Crypt:1)
  A spectral weapon (Vaults:5)
811 creatures vanquished.

Vanquished Creatures (others)
  A golden dragon (Zot:5)
  An Orb Guardian (Zot:5)
  A draconian knight (Zot:1)
  A fire giant (Depths:3)
  A draconian stormcaller (Zot:2)
  An ironbound preserver (Vaults:2)
  A stone giant (Depths:1)
  A purple draconian (Zot:5)
  A very ugly thing zombie (Depths:1)
  A salamander tyrant (Snake:4)
  An ice dragon (Depths:1)
  2 titan zombies (Vaults:5)
  A quicksilver ooze zombie (Slime:5)
  2 storm dragon zombies
  A ghost moth zombie (Zot:2)
  3 ogre zombies
  3 spark wasp zombies (Depths:4)
  2 golden dragon zombies
  2 anaconda zombies
  A goliath frog zombie (Swamp:2)
  A sphinx zombie (Vaults:3)
  A deep elf zephyrmancer (Elf:3)
  A stone giant zombie (Depths:1)
  An eleionoma zombie (Swamp:2)
  4 draconian zombies (Zot:3)
  3 fire giant zombies
  2 frost giant zombies
  A moth of wrath (Zot:5)
  A shock serpent zombie (Snake:1)
  4 dire elephant zombies
  2 black draconian zombies (Zot:3)
  A white draconian zombie (Zot:3)
  A yellow draconian zombie (Zot:3)
  3 swamp worm zombies
  A sea snake zombie (Snake:1)
  An iron troll zombie (Depths:4)
  4 hydra zombies
  2 mana viper zombies (Snake:2)
  5 moth of wrath zombies
  A great orb of eyes zombie (Vaults:4)
  2 ettin zombies
  A boulder beetle zombie (Vaults:1)
  3 alligator zombies
  2 guardian serpent zombies
  An ice dragon zombie (Depths:4)
  5 black mamba zombies
  A spriggan (Swamp:4)
  3 slime creature zombies (IceCv)
  A yak (D:9)
  3 tyrant leech zombies (Swamp:3)
  3 spriggan zombies (Depths:4)
  10 deep troll zombies
  A tengu zombie (D:14)
  A two-headed ogre zombie (D:14)
  A cane toad zombie (Lair:3)
  16 naga zombies
  3 hornet zombies
  3 blink frog zombies (Abyss:3)
  5 dream sheep zombies (Lair:5)
  4 elephant zombies (Lair:4)
  33 human zombies
  15 elf zombies
  A lindwurm zombie (Snake:4)
  2 swamp dragon zombies (Swamp:4)
  A small abomination (Abyss:3)
  4 vampire mosquito zombies (Swamp:2)
  10 yaktaur zombies
  7 salamander zombies
  A wyvern zombie (Lair:3)
  A cyclops zombie (D:15)
  2 water moccasin zombies
  2 warg zombies (D:11)
  5 raiju zombies (Abyss:3)
  A demonspawn zombie (Lair:3)
  18 yak zombies
  A troll zombie (Orc:2)
  2 killer bees (D:9)
  A quasit (Abyss:3)
  A centaur zombie (D:9)
  A basilisk zombie (Lair:2)
  3 killer bee zombies
  2 swamp drake zombies (Swamp:4)
  3 gnoll zombies (Bailey)
  35 orc zombies
  28 fire vortices
  25 foxfires
  7 starspawn tentacles
349 creatures vanquished.

Grand Total: 3319 creatures vanquished

Notes
Turn   | Place    | Note
-------+----------+-------------------------------------------
     0 | D:1      | wingedge the Human Wanderer began the quest for the Orb.
     0 | D:1      | wingedge set off with the following items: a +0 dagger, a
                  | +0 cloak, a scroll of blinking, a +0 robe, a +2 buckler;
                  | and the following spell memorised: Sandblast; and the
                  | following spells available to memorise: Stone Arrow.
     0 | D:1      | Reached XP level 1. HP: 16/16 MP: 2/2
   346 | D:1      | Reached XP level 2. HP: 22/22 MP: 1/3
  1362 | D:2      | Reached XP level 3. HP: 27/27 MP: 0/5
  1419 | D:2      | Noticed Natasha
  1430 | D:2      | Killed Natasha
  1431 | D:2      | Reached XP level 4. HP: 19/33 MP: 0/7
  1484 | D:2      | Reached skill level 1 in Conjurations
  1614 | D:2      | Learned a level 3 spell: Stone Arrow
  1710 | D:2      | Noticed Natasha
  1715 | D:2      | Killed Natasha
  1716 | D:2      | Reached XP level 5. HP: 24/38 MP: 1/8
  1982 | D:3      | Reached skill level 1 in Polearms
  2155 | D:3      | Found a faded altar of an unknown god.
  2342 | D:3      | Found a hazy altar of Hepliaklqana.
  2352 | D:3      | Found an ancient bone altar of Kikubaaqudgha.
  2352 | D:3      | Found a sacrificial altar of Ru.
  2452 | D:3      | Became a worshipper of Kikubaaqudgha
  2653 | D:3      | Reached skill level 2 in Conjurations
  2835 | D:3      | Found a blossoming altar of Fedhas.
  2881 | D:3      | Reached XP level 6. HP: 43/44 MP: 3/9
  3706 | D:4      | Reached skill level 3 in Conjurations
  3773 | D:4      | Reached XP level 7. HP: 50/50 MP: 1/11
  3947 | D:4      | Found a white marble altar of Elyvilon.
  4004 | D:4      | Reached * piety under Kikubaaqudgha
  4004 | D:4      | Received a gift from Kikubaaqudgha
  4276 | D:4      | Found an iron altar of Okawaru.
  4383 | D:4      | Found a hide-covered altar of Uskayaw.
  4390 | D:4      | Reached skill level 1 in Armour
  4501 | D:4      | Noticed Sigmund
  4506 | D:4      | Killed Sigmund
  4507 | D:4      | Reached skill level 5 in Polearms
  4677 | D:4      | Noticed Pargi
  4682 | D:4      | Killed Pargi
  4683 | D:4      | Reached XP level 8. HP: 56/56 MP: 0/13
  4980 | D:5      | Entered Level 5 of the Dungeon
  4988 | D:5      | Found Wobuesk's Tiny Tomes.
  5253 | D:5      | Noticed Blork the orc
  5262 | D:5      | Killed Blork the orc
  5263 | D:5      | Reached skill level 4 in Conjurations
  5719 | D:5      | Reached skill level 5 in Earth Magic
  6666 | D:6      | Found Tutoyso's Weapon Boutique.
  6704 | D:6      | Reached skill level 1 in Necromancy
  6866 | D:6      | Reached XP level 9. HP: 63/63 MP: 2/15
  7053 | D:6      | Reached ** piety under Kikubaaqudgha
  7165 | D:6      | Reached skill level 5 in Conjurations
  7321 | D:6      | Found a broken altar of Ashenzari.
  7357 | D:6      | Found a shadowy altar of Dithmenos.
  7614 | D:7      | Found a flagged portal.
  7733 | Bailey   | Entered a bailey
  7742 | Bailey   | Reached skill level 5 in Fighting
  7742 | Bailey   | Reached skill level 5 in Dodging
  7742 | Bailey   | Reached skill level 5 in Shields
  7742 | Bailey   | Reached skill level 6 in Conjurations
  7742 | Bailey   | Reached skill level 5 in Necromancy
  7742 | Bailey   | Reached XP level 10. HP: 75/75 MP: 16/16
  7748 | Bailey   | Learned a level 4 spell: Animate Dead
  8196 | Bailey   | Reached skill level 7 in Conjurations
  8786 | D:7      | Reached skill level 10 in Polearms
  8909 | D:7      | Found a staircase to the Ecumenical Temple.
  8928 | Temple   | Entered the Ecumenical Temple
  9277 | D:7      | Found an opulent altar of Gozag.
  9461 | D:7      | Reached *** piety under Kikubaaqudgha
  9461 | D:7      | Received a gift from Kikubaaqudgha
  9759 | D:7      | Learned a level 2 spell: Sublimation of Blood
 10078 | D:8      | Reached XP level 11. HP: 81/81 MP: 4/17
 10726 | D:8      | Learned a level 5 spell: Borgnjor's Vile Clutch
 10775 | D:8      | Found a staircase to the Lair.
 11369 | D:8      | Identified the +4 chain mail of Repulsion {Drain rElec
                  | Int+3}
 12128 | D:8      | Reached skill level 5 in Spellcasting
 12303 | D:9      | Reached **** piety under Kikubaaqudgha
 13335 | D:9      | Noticed a two-headed ogre
 13340 | D:9      | Killed a two-headed ogre
 13798 | D:9      | Found a glowing silver altar of Zin.
 14090 | D:10     | Entered Level 10 of the Dungeon
 14101 | D:10     | Noticed Joseph
 14106 | D:10     | Killed Joseph
 14212 | D:10     | Reached XP level 12. HP: 89/89 MP: 0/19
 14648 | D:10     | Found a transporter.
 14651 | D:10     | Noticed an orc high priest
 14689 | D:10     | Found a stormy altar of Qazlal.
 14900 | D:10     | Identified the +12 flail of the Blowfly {heavy, Dex+2}
 15189 | D:10     | Found a glowing golden altar of the Shining One.
 15298 | D:10     | Found a transporter.
 15329 | D:10     | Killed an orc high priest
 15330 | D:10     | Reached skill level 5 in Armour
 15392 | D:10     | Reached ***** piety under Kikubaaqudgha
 15664 | Lair:1   | Entered Level 1 of the Lair of Beasts
 15941 | Lair:1   | Reached skill level 1 in Ice Magic
 16005 | Lair:1   | Learned a level 3 spell: Ozocubu's Armour
 16821 | Lair:1   | Found a white marble altar of Elyvilon.
 17325 | Lair:1   | You fall into a shaft and drop 1 floor!
 17371 | Lair:2   | Reached XP level 13. HP: 64/96 MP: 1/21
 17423 | Lair:2   | Reached skill level 1 in Stealth
 17483 | Lair:2   | Found a broken altar of Ashenzari.
 17557 | Lair:2   | Found a frozen archway.
 17781 | IceCv    | Entered an ice cave
 18503 | IceCv    | Noticed a quicksilver ooze
 18748 | IceCv    | Killed a quicksilver ooze
 18951 | IceCv    | Noticed a quicksilver ooze
 18956 | IceCv    | Killed a quicksilver ooze
 18961 | IceCv    | Found a viscous altar of Jiyva.
 18961 | IceCv    | Noticed an azure jelly
 19042 | IceCv    | Killed an azure jelly
 19414 | IceCv    | Identified the ring "Topposchaqui" {Ice rElec Will- Int+7
                  | Dex-4}
 19644 | D:5      | Bought the Lessons on the Glacier for 180 gold pieces
 19650 | D:5      | Learned a level 5 spell: Freezing Cloud
 20330 | Lair:3   | Identified a scroll of acquirement
 20331 | Lair:3   | Acquired the ring "Zeymman" {+Blink Fly rF+ rN+}
 20352 | Lair:3   | Reached skill level 1 in Air Magic
 20369 | Lair:3   | Noticed Amaemon
 20381 | Lair:3   | Killed Amaemon
 20461 | Lair:3   | Reached skill level 1 in Evocations
 20533 | Lair:3   | Reached XP level 14. HP: 105/105 MP: 9/24
 20539 | Lair:3   | Found a staircase to the Snake Pit.
 20602 | Lair:3   | Your ally Amaemon died
 20735 | Lair:3   | Found a gate leading to a gauntlet.
 20744 | Gauntlet | Entered a Gauntlet
 20744 | Gauntlet | Found a transporter.
 20899 | Gauntlet | Found a transporter.
 20904 | Gauntlet | Found a transporter.
 20905 | Gauntlet | Found a transporter.
 20906 | Gauntlet | Found a transporter.
 20908 | Gauntlet | Found a transporter.
 20916 | Gauntlet | Found a transporter.
 20948 | Gauntlet | Found a transporter.
 20948 | Gauntlet | Found a transporter.
 20951 | Gauntlet | Found a transporter.
 20990 | Gauntlet | Found a transporter.
 21018 | Gauntlet | Found a transporter.
 21099 | Gauntlet | Reached skill level 5 in Ice Magic
 21377 | Gauntlet | Identified the amulet of Omuhaas {Reflect Int+5 SH+5}
 21487 | Gauntlet | Identified the +1 pair of gloves of Janop {rN+ SInv}
 21658 | Gauntlet | Noticed a minotaur
 21664 | Gauntlet | Killed a minotaur
 21786 | Gauntlet | Identified the staff of cold "Fileraku" {Drain rF- rC+
                  | Dex+8 Stlth+}
 21786 | Gauntlet | Identified the staff of earth "Uqeefur" {rPois rC+ Int-3
                  | SInv}
 21880 | Lair:3   | Found a staircase to the Swamp.
 22530 | Lair:4   | Reached skill level 10 in Earth Magic
 22785 | Lair:4   | Reached skill level 10 in Necromancy
 23133 | Lair:4   | Reached ****** piety under Kikubaaqudgha
 23446 | Lair:4   | Learned a level 6 spell: Death Channel
 24174 | Lair:5   | Entered Level 5 of the Lair of Beasts
 24209 | Lair:5   | Reached XP level 15. HP: 79/110 MP: 26/26
 24242 | Lair:5   | Learned a level 6 spell: Simulacrum
 24422 | Lair:5   | Reached skill level 5 in Air Magic
 24468 | Lair:5   | Identified the +3 war axe "Xaib" {heavy, rF+ rCorr Dex+3}
 25128 | Lair:5   | Found a staircase to the Slime Pits.
 25138 | Lair:5   | Found a viscous altar of Jiyva.
 26866 | D:11     | Found a staircase to the Orcish Mines.
 27234 | D:11     | Identified the +6 rapier of Yeast {elec, rF+ rCorr Stlth+}
 27909 | D:12     | Noticed Fannar
 27917 | D:12     | Killed Fannar
 28014 | Orc:1    | Entered Level 1 of the Orcish Mines
 28014 | Orc:1    | Noticed Erica
 28019 | Orc:1    | Killed Erica
 28019 | Orc:1    | Noticed Josephine
 28025 | Orc:1    | Killed Josephine
 28026 | Orc:1    | Reached skill level 1 in Fire Magic
 28046 | Orc:1    | Your ally Erica died
 28056 | Orc:1    | Your ally Josephine died
 28268 | Orc:1    | Found a radiant altar of Vehumet.
 28407 | Orc:1    | You are sucked into a shaft and drop 1 floor!
 28407 | Orc:2    | Entered Level 2 of the Orcish Mines
 28445 | Orc:2    | Noticed an orc warlord
 28463 | Orc:2    | Killed an orc warlord
 29487 | Orc:2    | Reached XP level 16. HP: 98/118 MP: 5/28
 30766 | Orc:2    | Found Cazap's General Store.
 30767 | Orc:2    | Found Numajus's Book Boutique.
 30769 | Orc:2    | Found Cutimu's Antique Armour Shop.
 30769 | Orc:2    | Found Baxot's Antique Weapon Shop.
 30774 | Orc:2    | Bought a scroll of identify for 26 gold pieces
 30943 | Orc:2    | Found a staircase to the Elven Halls.
 31837 | D:12     | Noticed Gastronok
 31847 | D:12     | Killed Gastronok
 33977 | D:14     | Found a transporter.
 33983 | D:14     | Found a bloodstained altar of Trog.
 33983 | D:14     | Found a transporter.
 33989 | D:14     | Noticed Cievud's ghost (journeyman GrFE)
 34008 | D:14     | Killed Cievud's ghost
 34558 | D:14     | Found Micowket's General Store.
 35731 | D:14     | Learned a level 5 spell: Fireball
 36217 | D:14     | Found a gate to the Vaults.
 36233 | D:15     | Entered Level 15 of the Dungeon
 36287 | D:15     | Reached XP level 17. HP: 22/126 MP: 25/30
 37843 | D:15     | Found a transporter.
 37847 | D:15     | Noticed Kumod's ghost (adept DECj)
 37884 | D:15     | Found a transporter.
 37981 | D:15     | Found a staircase to the Depths.
 38239 | D:15     | Killed Kumod's ghost
 38478 | D:15     | Identified the -1 pair of gloves of the Moon {Harm Dex+4}
 38717 | Swamp:1  | Entered Level 1 of the Swamp
 38759 | Swamp:1  | Noticed a thorn hunter
 38760 | Swamp:1  | Noticed Donald
 38768 | Swamp:1  | Killed Donald
 38857 | Swamp:1  | Reached skill level 5 in Evocations
 39169 | Swamp:1  | Identified the +6 lajatang of Earthquakes {flame, rElec
                  | rCorr Int+4 Stlth+}
 39218 | Swamp:1  | Found a transporter.
 39218 | Swamp:1  | Found the +5 Storm Queen's Shield {shock, Fly rElec}
 39220 | Swamp:1  | Noticed a thorn hunter
 39583 | Swamp:1  | Noticed a tentacled monstrosity
 39584 | Swamp:1  | Noticed a thorn hunter
 39593 | Swamp:1  | Noticed a tentacled monstrosity
 39612 | Swamp:1  | Found a transporter.
 39793 | Swamp:1  | Reached skill level 5 in Fire Magic
 39793 | Swamp:1  | Reached skill level 10 in Ice Magic
 40749 | Swamp:2  | Reached skill level 10 in Fighting
 42152 | Swamp:2  | Reached skill level 10 in Spellcasting
 42243 | Swamp:2  | Reached XP level 18. HP: 134/134 MP: 22/32
 43062 | Swamp:2  | Identified the staff of earth "Sierghae" {rF+ rCorr Dex-3}
 43280 | Swamp:2  | Identified the +7 leather armour of Hedge Wizardry {rN+++
                  | Will- Str+2 Stlth+}
 43652 | Swamp:3  | Reached skill level 8 in Conjurations
 44554 | Swamp:4  | Entered Level 4 of the Swamp
 45478 | Swamp:4  | Reached skill level 10 in Shields
 45489 | Swamp:4  | Noticed the 27-headed Lernaean hydra
 45501 | Swamp:4  | Killed the 27-headed Lernaean hydra
 45712 | Swamp:4  | Learned a level 3 spell: Ozocubu's Armour
 45818 | Swamp:4  | Got a decaying rune of Zot
 46033 | Swamp:1  | Killed a tentacled monstrosity
 46037 | Swamp:1  | Killed a tentacled monstrosity
 46041 | Swamp:1  | Reached XP level 19. HP: 63/142 MP: 0/34
 46044 | Swamp:1  | Identified the amulet "Jofait" {rPois rC- rN+ Regen+ Dex+3}
 46237 | Swamp:1  | Got the Encyclopedia of Fuming Phantasms
 46242 | Swamp:1  | Identified the +2 hat of the Invisible Hand {rF+ Str+3
                  | Int+3}
 46467 | D:5      | Bought the Octavo of the Summer for 210 gold pieces
 46575 | Snake:1  | Entered Level 1 of the Snake Pit
 49201 | Snake:3  | Found Mughiycs's Assorted Antiques.
 49376 | Snake:3  | Bought a yellow potion for 32 gold pieces
 49956 | Snake:3  | Reached skill level 9 in Conjurations
 50827 | Snake:4  | Entered Level 4 of the Snake Pit
 51105 | Snake:4  | Reached XP level 20. HP: 118/150 MP: 36/36
 52191 | Snake:4  | Learned a level 6 spell: Starburst
 52290 | Snake:4  | Reached skill level 10 in Fire Magic
 52291 | Snake:4  | Reached skill level 10 in Conjurations
 53541 | Snake:4  | Reached skill level 11 in Conjurations
 53677 | Snake:4  | Got a serpentine rune of Zot
 54971 | Elf:1    | Entered Level 1 of the Elven Halls
 54976 | Elf:1    | Identified the +7 chain mail of Mequnael {+Inv rElec Will-
                  | rCorr}
 55020 | Elf:1    | Paralysed by an air elemental for 1 turns
 55112 | Elf:1    | Noticed Zenata
 55132 | Elf:1    | Killed Zenata
 55714 | Elf:1    | Reached XP level 21. HP: 137/156 MP: 28/37
 55839 | Elf:1    | Paralysed by an air elemental for 1 turns
 57130 | Elf:2    | Reached skill level 12 in Conjurations
 57563 | Elf:2    | Found Koarruot's Distillery.
 57571 | Elf:2    | Bought a potion of ambrosia for 80 gold pieces
 57743 | Elf:2    | Found a runed translucent gate.
 57743 | Elf:2    | Found a runed translucent gate.
 57744 | Elf:2    | Found a runed translucent gate.
 59062 | Elf:2    | Received a gift from Kikubaaqudgha
 59197 | Elf:3    | Entered Level 3 of the Elven Halls
 59931 | Elf:3    | Reached skill level 15 in Necromancy
 60070 | Elf:3    | Paralysed by an air elemental for 1 turns
 60176 | Elf:3    | Found Zole's Book Boutique.
 60176 | Elf:3    | Found Toluath's Jewellery Shoppe.
 60177 | Elf:3    | Found Zoeges's Jewellery Shoppe.
 60230 | Elf:3    | Bought the amulet "Luannu" {Reflect rPois rN+ rCorr SH+5}
                  | for 714 gold pieces
 60723 | Elf:3    | Identified the ring "Zein" {rC+ MP+9 Str+2 Dex+3}
 60853 | Elf:3    | Identified the +9 rapier "Irifyac" {speed, Dex+3}
 60865 | Elf:3    | Identified the +7 morningstar of Anguish {holy, rC+}
 60866 | Elf:3    | Identified the +5 quarterstaff of Youthful Indiscretion
                  | {antimagic, Drain Fly rN+ Int+7}
 60887 | Elf:3    | Identified the amulet of Gifuepu {Rampage Fly rElec Regen+
                  | Int-4}
 60892 | Elf:3    | Noticed a Brimstone Fiend
 61383 | Elf:3    | Reached XP level 22. HP: 162/167 MP: 29/39
 61695 | Elf:3    | Identified the staff of poison "Joifurghe" {rPois rN+
                  | Str+3}
 61776 | Elf:3    | Identified the +8 short sword "Cuotavo" {vamp, Stlth+}
 62614 | Vaults:1 | Entered Level 1 of the Vaults
 64062 | Vaults:1 | Identified the +7 whip of the Trees {elec, Int+3 Dex+7}
 65419 | Vaults:2 | Reached skill level 10 in Dodging
 65619 | Vaults:2 | Reached XP level 23. HP: 70/176 MP: 32/41
 65924 | Vaults:2 | Learned a level 8 spell: Infestation
 66771 | Vaults:2 | Found a staircase to the Crypt.
 66771 | Vaults:2 | Found a basalt altar of Yredelemnul.
 66771 | Vaults:2 | Found an ancient bone altar of Kikubaaqudgha.
 66824 | Vaults:2 | Found Lian's Book Shop.
 66832 | Vaults:2 | Bought a book of Iron for 504 gold pieces
 67450 | Vaults:3 | Noticed Aizul
 67474 | Vaults:3 | Killed Aizul
 69245 | Vaults:3 | Learned a level 6 spell: Iron Shot
 69761 | Vaults:4 | Found Rivvyof's Weapon Shoppe.
 69799 | Vaults:4 | Reached skill level 15 in Spellcasting
 70723 | Vaults:4 | Reached XP level 24. HP: 151/186 MP: 22/42
 70846 | Vaults:4 | Acquired the scarf of Syndicalism {repulsion, Str+2}
 72201 | Vaults:5 | Entered Level 5 of the Vaults
 72231 | Vaults:5 | Noticed Sojobo
 72238 | Vaults:5 | Killed Sojobo
 72239 | Vaults:5 | Reached skill level 15 in Fighting
 72715 | Vaults:5 | Identified the +6 whip of the Morning {freeze, rF+}
 73120 | Vaults:5 | Reached XP level 25. HP: 144/197 MP: 15/43
 73244 | Vaults:5 | Noticed an ancient lich
 73250 | Vaults:5 | Killed an ancient lich
 73387 | Vaults:5 | Identified the ring "Faanuot" {rElec rPois Int+6 Slay-4}
 73399 | Vaults:5 | Identified the amulet "Xetibeku" {Reflect +Inv rElec Str+2
                  | SH+5}
 73462 | Vaults:5 | Identified the +9 morningstar "Vexesimpu" {vamp, rF++ rC+++
                  | Dex-4}
 74195 | Vaults:5 | Identified the +0 hat "Wuasibem" {rF+ Int+3}
 74564 | Vaults:5 | Got the Vellum of Galvanic Ill Luck
 74565 | Vaults:5 | Identified the +5 chain mail of the King of the Hill {rPois
                  | Int+2}
 74571 | Vaults:5 | Identified the +1 scale mail of the Eight Deaths {Dex+2
                  | SInv}
 74598 | Vaults:5 | Got the Lessons on Formation
 74647 | Vaults:5 | Identified the staff of poison "Bauhuida" {rPois Str+2
                  | Int+3 Dex+3}
 74649 | Vaults:5 | Got a silver rune of Zot
 74937 | Depths:1 | Entered Level 1 of the Depths
 74965 | Depths:1 | Found a one-way gate leading to the halls of Pandemonium.
 76289 | Depths:1 | Found a gateway to Hell.
 77010 | Depths:1 | Found a runed translucent door.
 77015 | Depths:1 | Noticed Pikuto's ghost (adept MiBe)
 77058 | Depths:1 | Killed Pikuto's ghost
 78602 | Depths:2 | Reached XP level 26. HP: 127/206 MP: 9/43
 79039 | Depths:2 | Found a one-way gateway to a ziggurat.
 79544 | Depths:3 | Noticed a juggernaut
 79550 | Depths:3 | Killed a juggernaut
 79842 | Depths:3 | Noticed Louise
 79852 | Depths:3 | Killed Louise
 79854 | Depths:3 | Found a one-way gate to the infinite horrors of the Abyss.
 79983 | Depths:3 | Voluntarily entered the Abyss.
 80423 | Abyss:2  | Reached skill level 10 in Armour
 80585 | Abyss:3  | Noticed a dread lich
 80820 | Depths:3 | Escaped the Abyss
 80972 | Depths:3 | Voluntarily entered the Abyss.
 80972 | Abyss:3  | Found a corrupted altar of Lugonu.
 81159 | Abyss:3  | Found a corrupted altar of Lugonu.
 81280 | Abyss:3  | Gained mutation: You sometimes lose your temper in combat.
                  | [a neqoxec]
 81283 | Abyss:3  | Lost mutation: You sometimes lose your temper in combat.
                  | [potion of mutation]
 81283 | Abyss:3  | Gained mutation: You are frail. (-10% HP) [potion of
                  | mutation]
 81283 | Abyss:3  | Gained mutation: Your muscles are strong. (Str +4, Int/Dex
                  | -1) [potion of mutation]
 81283 | Abyss:3  | Gained mutation: Armour fits poorly on your strangely
                  | shaped body. [potion of mutation]
 81284 | Abyss:3  | Lost mutation: Armour fits poorly on your strangely shaped
                  | body. [potion of mutation]
 81284 | Abyss:3  | Lost mutation: You are frail. (-10% HP) [potion of
                  | mutation]
 81284 | Abyss:3  | Lost mutation: Your muscles are strong. (Str +4, Int/Dex
                  | -1) [potion of mutation]
 81284 | Abyss:3  | Gained mutation: Your mind is acute. (Int +4, Str/Dex -1)
                  | [potion of mutation]
 81284 | Abyss:3  | Gained mutation: You have supernaturally acute eyesight.
                  | (SInv) [potion of mutation]
 81290 | Abyss:3  | Gained mutation: You have large cloven feet. [a neqoxec]
 81317 | Abyss:3  | Found a corrupted altar of Lugonu.
 81321 | Abyss:3  | Gained mutation: You occasionally lose the ability to drink
                  | potions when taking damage. [a neqoxec]
 81649 | Abyss:3  | Found a corrupted altar of Lugonu.
 81719 | Abyss:3  | Got an abyssal rune of Zot
 81859 | Abyss:3  | Reached XP level 27. HP: 214/214 MP: 7/35
 81938 | Abyss:4  | Reached skill level 15 in Fire Magic
 81954 | Abyss:4  | Gained mutation: You are weak. (Str -2) [a neqoxec]
 81992 | Abyss:4  | Found a corrupted altar of Lugonu.
 81996 | Depths:3 | Escaped the Abyss
 81998 | Depths:3 | Lost mutation: You have supernaturally acute eyesight.
                  | (SInv) [potion of mutation]
 81998 | Depths:3 | Lost mutation: You have large cloven feet. [potion of
                  | mutation]
 81998 | Depths:3 | Gained mutation: You occasionally shout uncontrollably at
                  | your foes. [potion of mutation]
 81998 | Depths:3 | Lost mutation: You are weak. (Str -2) [potion of mutation]
 81998 | Depths:3 | Gained mutation: You are partially covered in iridescent
                  | scales. (AC +2) [potion of mutation]
 81998 | Depths:3 | Gained mutation: You are agile. (Dex +4, Str/Int -1)
                  | [potion of mutation]
 81999 | Depths:3 | Lost mutation: You are agile. (Dex +4, Str/Int -1) [potion
                  | of mutation]
 81999 | Depths:3 | Lost mutation: Your mind is acute. (Int +4, Str/Dex -1)
                  | [potion of mutation]
 81999 | Depths:3 | Lost mutation: You are partially covered in iridescent
                  | scales. (AC +2) [potion of mutation]
 81999 | Depths:3 | Gained mutation: You are partially covered in iridescent
                  | scales. (AC +2) [potion of mutation]
 81999 | Depths:3 | Gained mutation: You have supernaturally acute eyesight.
                  | (SInv) [potion of mutation]
 82000 | Depths:3 | Lost mutation: You occasionally lose the ability to drink
                  | potions when taking damage. [potion of mutation]
 82000 | Depths:3 | Lost mutation: You have supernaturally acute eyesight.
                  | (SInv) [potion of mutation]
 82000 | Depths:3 | Lost mutation: You are partially covered in iridescent
                  | scales. (AC +2) [potion of mutation]
 82000 | Depths:3 | Gained mutation: You expend magic power (3 MP) to
                  | strengthen your wands. [potion of mutation]
 82000 | Depths:3 | Gained mutation: You possess an exceptional clarity of
                  | mind. [potion of mutation]
 82206 | Depths:3 | Lost mutation: You possess an exceptional clarity of mind.
                  | [potion of mutation]
 82206 | Depths:3 | Lost mutation: You occasionally shout uncontrollably at
                  | your foes. [potion of mutation]
 82206 | Depths:3 | Gained mutation: Your skin changes colour to match your
                  | surroundings (Stealth+). [potion of mutation]
 82206 | Depths:3 | Gained mutation: You are very dopey. (Int -4) [potion of
                  | mutation]
 82206 | Depths:3 | Gained mutation: Armour fits poorly on your strangely
                  | shaped body. [potion of mutation]
 82207 | Depths:3 | Lost mutation: Armour fits poorly on your strangely shaped
                  | body. [potion of mutation]
 82207 | Depths:3 | Lost mutation: You are very dopey. (Int -4) [potion of
                  | mutation]
 82207 | Depths:3 | Gained mutation: Your system is resistant to poisons.
                  | (rPois) [potion of mutation]
 82207 | Depths:3 | Gained mutation: You have large cloven feet. [potion of
                  | mutation]
 82401 | Depths:3 | Learned a level 8 spell: Ignition
 83818 | Depths:3 | Found Big Baal Hell's Store.
 83826 | Depths:3 | Bought the +0 robe of the Valley {Will+, rElec Regen+ Str+5
                  | Dex-4} for 1438 gold pieces
 83988 | Depths:4 | Entered Level 4 of the Depths
 84038 | Depths:4 | Found a portal to a secret trove of treasure.
 84416 | Depths:4 | Noticed a juggernaut
 84420 | Depths:4 | Killed a juggernaut
 84918 | Depths:4 | Acquired 738 gold pieces
 85508 | Depths:4 | Found a gate to the Realm of Zot.
 86189 | Slime:1  | Entered Level 1 of the Pits of Slime
 86199 | Slime:1  | Reached skill level 13 in Conjurations
 86377 | Slime:1  | You are sucked into a shaft and drop 1 floor!
 87382 | Slime:4  | Gained mutation: Your spells are a little easier to cast,
                  | but a little less powerful. [a shining eye]
 87554 | Slime:5  | Entered Level 5 of the Pits of Slime
 87650 | Slime:5  | Noticed the Royal Jelly
 87656 | Slime:5  | Killed the Royal Jelly
 87685 | Slime:5  | Reached skill level 14 in Conjurations
 87788 | Slime:5  | Identified the staff of air "Secem" {rElec rC- Will++ rCorr
                  | Dex-3}
 87820 | Slime:5  | Identified the ring "Librize" {Fire Dex+3}
 87822 | Slime:5  | Identified the +9 mace "Tiwoh" {pain, *Corrode Dex+6}
 87832 | Slime:5  | Identified the staff of earth "Burphes" {rC+ rCorr}
 87843 | Slime:5  | Got a slimy rune of Zot
 87864 | Slime:5  | Got Bucvef's Handbook of Maleficia
 87867 | Slime:5  | Got Voig's Writings on the Excursion
 87880 | Slime:5  | Identified the +7 great sword of Trog {flame, Stlth+}
 87886 | Slime:5  | Identified the +11 crystal plate armour of Protective
                  | Custody {rPois rC+ Regen+ Stlth-}
 88497 | Crypt:1  | Entered Level 1 of the Crypt
 88727 | Crypt:1  | Identified the +0 helmet of Jusoazec {rN+ Int+2}
 88811 | Crypt:1  | Found a huge runed gate.
 88811 | Crypt:1  | Found a huge runed gate.
 88811 | Crypt:1  | Found a huge runed gate.
 88824 | Crypt:1  | Found a huge runed gate.
 88825 | Crypt:1  | Found a huge runed gate.
 88877 | Crypt:1  | Found a runed translucent gate.
 88878 | Crypt:1  | Found a runed translucent gate.
 88879 | Crypt:1  | Found a runed translucent gate.
 88880 | Crypt:1  | Found an opulent altar of Gozag.
 88881 | Crypt:1  | Noticed Ulecsuczon's ghost (veteran MiGl)
 88883 | Crypt:1  | Found Qyh Bet's Assorted Antiques.
 88904 | Crypt:1  | Killed Ulecsuczon's ghost
 89104 | Crypt:1  | Identified the +4 halberd "Impslayer" {flame, rElec rF-
                  | rCorr}
 89203 | Crypt:1  | Found a huge runed gate.
 89203 | Crypt:1  | Found a huge runed gate.
 89204 | Crypt:1  | Found a huge runed gate.
 89204 | Crypt:1  | Found a huge runed gate.
 89205 | Crypt:1  | Found a huge runed gate.
 89206 | Crypt:1  | Found a huge runed gate.
 89206 | Crypt:1  | Found a huge runed gate.
 89209 | Crypt:1  | Found a huge runed gate.
 89209 | Crypt:1  | Found a huge runed gate.
 89209 | Crypt:1  | Found a huge runed gate.
 89209 | Crypt:1  | Found a huge runed gate.
 89209 | Crypt:1  | Found a huge runed gate.
 89209 | Crypt:1  | Found a huge runed gate.
 89210 | Crypt:1  | Found a huge runed gate.
 89211 | Crypt:1  | Found a huge runed gate.
 89212 | Crypt:1  | Found a huge runed gate.
 89221 | Crypt:1  | Found a huge runed gate.
 89221 | Crypt:1  | Found a huge runed gate.
 89221 | Crypt:1  | Found a huge runed gate.
 89221 | Crypt:1  | Found a huge runed gate.
 89221 | Crypt:1  | Found a huge runed gate.
 89221 | Crypt:1  | Found a huge runed gate.
 89223 | Crypt:1  | Found a huge runed gate.
 89224 | Crypt:1  | Found a huge runed gate.
 89225 | Crypt:1  | Found a huge runed gate.
 89233 | Crypt:1  | Found a huge runed gate.
 89233 | Crypt:1  | Found a huge runed gate.
 89233 | Crypt:1  | Found a huge runed gate.
 89233 | Crypt:1  | Found a huge runed gate.
 89233 | Crypt:1  | Found a huge runed gate.
 89233 | Crypt:1  | Found a huge runed gate.
 89647 | Crypt:1  | Identified the +0 pair of gloves "Ziyrra" {rCorr}
 90309 | Crypt:1  | Noticed an ancient lich
 90309 | Crypt:1  | Noticed an ancient lich
 90309 | Crypt:1  | Noticed a dread lich
 90321 | Crypt:1  | Killed an ancient lich
 90327 | Crypt:1  | Killed a dread lich
 90328 | Crypt:1  | Killed an ancient lich
 90714 | Crypt:2  | Reached skill level 15 in Conjurations
 91896 | Crypt:2  | Reached skill level 16 in Conjurations
 92307 | Crypt:2  | Learned a level 8 spell: Lehudib's Crystal Spear
 92350 | Crypt:3  | Entered Level 3 of the Crypt
 92497 | Crypt:2  | Found an ancient bone altar of Kikubaaqudgha.
 92589 | Crypt:3  | Found a staircase to the Tomb.
 93014 | Crypt:3  | Reached skill level 17 in Conjurations
 93141 | Crypt:3  | Found an ancient bone altar of Kikubaaqudgha.
 93556 | Crypt:3  | Identified the ring of Tooremu {rN+ Str+3}
 93556 | Crypt:3  | Identified the ring "Laptyfasch" {*Corrode rElec rN+ Str+9
                  | Int+4}
 93556 | Crypt:3  | Identified the ring of Liqulees {rN+ Str+4}
 94627 | Zot:1    | Entered Level 1 of the Realm of Zot
 95776 | Zot:2    | Reached skill level 18 in Conjurations
 95888 | Zot:2    | Learned a level 9 spell: Fire Storm
 95947 | Zot:2    | Found a transporter.
 95994 | Zot:2    | Noticed a dread lich
 96002 | Zot:2    | Killed a dread lich
 96088 | Zot:2    | Found a transporter.
 96118 | Zot:2    | Identified the ring "Yqeagh" {*Corrode rPois rC+ Str+3
                  | Int+3}
 96142 | Zot:2    | Identified the ring of Veitu {rF+ Will++ Int-3}
 96669 | Zot:3    | Reached skill level 19 in Conjurations
 97000 | Zot:3    | Noticed a Killer Klown
 97009 | Zot:2    | Killed a Killer Klown
 98028 | Zot:3    | Found a runed translucent gate.
 98029 | Zot:3    | Found a runed translucent gate.
 98030 | Zot:3    | Found a runed translucent gate.
 98032 | Zot:3    | Noticed Puzeuriu's ghost (master VSBe)
 98032 | Zot:3    | Noticed Urrumaza's ghost (master MfBe)
 98033 | Zot:3    | Noticed stpyramids's ghost (legendary DDFi)
 98785 | Zot:3    | Killed Urrumaza's ghost
 99008 | Zot:3    | Killed stpyramids's ghost
 99009 | Zot:3    | Reached skill level 20 in Conjurations
 99095 | Zot:3    | Killed Puzeuriu's ghost
 99267 | Zot:3    | Learned a level 7 spell: Haunt
 99453 | Zot:4    | Reached skill level 1 in Summonings
101253 | Zot:5    | Entered Level 5 of the Realm of Zot
101373 | Zot:5    | Reached skill level 5 in Summonings
101634 | Zot:5    | Noticed an orb of fire
101634 | Zot:5    | Noticed an orb of fire
101634 | Zot:5    | Noticed a Killer Klown
101636 | Zot:5    | Gained mutation: You have hidden genetic defects. [an orb
                  | of fire]
101639 | Zot:5    | Killed an orb of fire
101639 | Zot:5    | Noticed a Killer Klown
101646 | Zot:5    | Killed a Killer Klown
101890 | Zot:5    | Noticed a dread lich
101894 | Zot:5    | Killed a dread lich
102036 | Zot:5    | Noticed an orb of fire
102041 | Zot:5    | Noticed a Killer Klown
102052 | Zot:5    | Killed a Killer Klown
102056 | Zot:5    | Noticed a dread lich
102056 | Zot:5    | Noticed an orb of fire
102057 | Zot:5    | Gained mutation: Your spells are easier to cast, but less
                  | powerful. [an orb of fire]
102066 | Zot:5    | Noticed a Killer Klown
102067 | Zot:5    | Gained mutation: You are clumsy. (Dex -2) [an orb of fire]
102068 | Zot:5    | Gained mutation: Armour fits poorly on your strangely
                  | shaped body. [hidden defects]
102074 | Zot:5    | Noticed a Killer Klown
102077 | Zot:5    | Gained mutation: Your spells are much easier to cast, but
                  | much less powerful. [an orb of fire]
102078 | Zot:5    | Gained mutation: You are frail. (-10% HP) [an orb of fire]
102079 | Zot:5    | Gained mutation: You occasionally lose the ability to read
                  | scrolls when taking damage. [an orb of fire]
102080 | Zot:5    | Gained mutation: You occasionally lose the ability to drink
                  | potions when taking damage. [an orb of fire]
102081 | Zot:5    | Reached skill level 21 in Conjurations
102087 | Zot:5    | HP: 2/198 [Killer Klown/klown pie (28)]
102087 | Zot:5    | Killed from afar by an orb of fire

Illustrated notes

Levels and vault maps discovered:
D:1:      tarquinn_simple_flora_water_b, layout_basic, roderic_lattice_a
D:2:      layout_loops_ring, minmay_misc_feat_chi, uniq_natasha
D:3:      layout_basic, fedhas_altar_fruit_tree, grunt_temple_overflow_open,
          shapermc_ecumenical_altar_ellora, grunt_ministairs_8
D:4:      layout_loops_ring, mainiacjoe_overflow_tiny_flanked,
          eat_drink_and_be_merry_uskayaw, mainiacjoe_overflow_alcove_1,
          grunt_decor_mini_mirrors, uniq_pargi, uniq_sigmund, uniq_edmund
D:5:      layout_gridville, nicolae_shop_i_like_small_books_too,
          kennysheep_big_empty_room, uniq_blork_the_orc
D:6:      layout_loops_ring, grunt_dithmenos_smoke_and_mirrors,
          mainiacjoe_overflow_alcove_2, serial_shops, shop
D:7:      layout_loops_ring, mainiacjoe_overflow_concentric_impassable,
          minmay_temple_entry_glassed_door, enter_bailey_2
D:8:      layout_loops_cross, dpeg_oklobed_lair, minmay_joined_circles
D:9:      layout_rooms, mainiacjoe_overflow_six_doors_small
D:10:     gammafunk_beogh_shrine, layout_irregular_city, grunt_qazlal_sundering,
          nicolae_tso_carved_into_rock, uniq_joseph
D:11:     cheibrodos_elevator_heist, layout_long_grid,
          minmay_orc_entry_guard_dogs
D:12:     layout_cave_pods, uniq_gastronok, uniq_fannar
D:13:     layout_grid_maze
D:14:     layout_roguey, hangedman_vaults_entry_quadrant_bands, nrook_uturn,
          serial_shops, kennysheep_mini_moat, gammafunk_ghost_wrathful_warriors
D:15:     gammafunk_depths_entry_grave, layout_loops_ring,
          gammafunk_ghost_berserking_beasts, skrybe_limestone_x, drop_trap
Temple:   nicolae_temple_bog_church
Lair:1:   layout_cellular_growth, lemuel_centaur_altar, grunt_megastairs_5,
          serial_bayou_shore_b
Lair:2:   layout_big_grid, portal_ice_cave_entry_imps, basic_altar
Lair:3:   layout_gridlike, skrybe_swamp_entry_bodies,
          guppyfry_snake_entry_garden, gauntlet_entry_generic,
          lemuel_fruit_tree, serial_bayou_shore_a, uniq_amaemon
Lair:4:   beast_lair_carwin_large_3, layout_loops_ring
Lair:5:   guppyfry_lair_end_dragon, layout_long_grid,
          nicolae_slime_entry_slimehenge, wad_woods_river_02, grunt_megastairs_1
Swamp:1:  gammafunk_sealed_arena, layout_basic_swamp,
          evilmike_swamp_ruin_rubble_1, swamp_pool3, uniq_donald
Swamp:2:  cheibrodos_swamp_mausoleum, layout_basic_swamp,
          nicolae_swamp_ascending_descending
Swamp:3:  layout_basic_swamp, nicolae_swamp_some_circles
Swamp:4:  swamp_old_school, layout_basic_swamp
Snake:1:  layout_basic, drop_trap, nicolae_snake_snake_lake
Snake:2:  layout_misc_corridors
Snake:3:  layout_cave_town, serial_shops, shop, nicolae_snake_mages_go_home
Snake:4:  snake_pit_salamanders_mu, layout_basic
Slime:1:  layout_caves
Slime:2:  cheibrodos_slime_lost_civilization_1, layout_caves
Slime:3:  layout_caves
Slime:4:  layout_caves
Slime:5
Orc:1:    layout_caves, basic_altar, lemuel_statue_altar, uniq_erica,
          uniq_josephine
Orc:2:    st_orc_congregation, layout_caves, statue_in_the_mist_lemuel
Elf:1:    layout_gridlike, minivault_28, uniq_zenata
Elf:2:    nicolae_elf_blades_splatter_lattice [nicolae_blade_bullseye],
          layout_onion_city, serial_shops, nicolae_shop_advertising_works
          [nicolae_subvault_shop_adworks]
Elf:3:    minmay_elf_hall_not_hex, layout_geoelf_octagon, minmay_shop_grove
Vaults:1: nicolae_vaults_oval_intersection, nicolae_vaults_lopsided_apartments,
          nicolae_vaults_closet_pinwheel_4, nicolae_vaults_tangram_1,
          nicolae_vaults_little_squares_3, v_rooms_3, nicolae_vaults_heist,
          v_misc_26, nicolae_vaults_meiosis, v_misc_19,
          nicolae_vaults_diamond_1, nicolae_vaults_variable_pillar_hall,
          v_misc_1, nicolae_vaults_double_plus_1, layout_vaults_omnibox
Vaults:2: minmay_crypt_entry_necro_gods, vaults_room_large_hall,
          nicolae_vaults_closet_pinwheel_6, nicolae_vaults_wrenched,
          nicolae_vaults_house_2, nicolae_vaults_six-pack,
          nicolae_vaults_sightless_eye, nicolae_vaults_storage_closets_2,
          vaults_dpeg_encased_lava, v_misc_24,
          nicolae_vaults_windows_and_doors_thing, nicolae_vaults_asterisk,
          nicolae_vaults_storage_room_statues, nicolae_vaults_house_1,
          layout_vaults_ring, serial_shops, nicolae_lakefront_shop
Vaults:3: v_misc_8, vaults_dpeg_diagonal, nicolae_vaults_trapezoid_3,
          nicolae_vaults_network_periphery, ontoclasm_vaults_chip,
          nicolae_vaults_diagonal_hallway_8, nicolae_vaults_tetromino_L_1,
          nicolae_vaults_what_the_h, layout_vaults_omnigrid, uniq_aizul
Vaults:4: hangedman_vaults_impose, nicolae_vaults_trapezoid_lopsided_3,
          nicolae_vaults_tetromino_T_2, hangedman_vaults_nails,
          nicolae_vaults_network_star, nicolae_vaults_variable_pillar_hall,
          nicolae_vaults_taking_the_gang_shopping,
          nicolae_vaults_an_arrangement, v_misc_13, ontoclasm_vaults_chip,
          layout_vaults_big_room
Vaults:5: serial_shops, uniq_sojobo
Crypt:1:  layout_chaotic_city, ebering_ghost_gozag, grunt_ministairs_9,
          door_vault, grunt_megastairs_2, grunt_crypt_arrival_split
Crypt:2:  minmay_skeleton_keep, layout_chaotic_city, lemuel_upstairs_altar,
          grunt_megastairs_3
Crypt:3:  church_of_pain_bobbens, layout_chaotic_city
Depths:1: layout_gridlike, grunt_mini_vestibule,
          nicolae_concentric_dashed_squares_wild,
          muffindrake_ghost_dead_mans_drink, rand_demon_pan_entry_3, drop_trap,
          kennysheep_kite_vault
Depths:2: minmay_inner_zag, layout_long_grid, enter_ziggurat_a, hell_entry,
          minmay_misc_feat_ornament, rand_demon_pan_entry_8,
          infiniplex_staircase_river
Depths:3: minmay_tri_box, layout_gridlike,
          nicolae_abyss_entry_one_way_or_another,
          nicolae_hell_entry_big_baal_hell, nicolae_lava_and_water
Depths:4: evilmike_zot_entry_hall, layout_cross, minmay_misc_feat_tiny,
          pf_hell_entry_tar_spiral, serial_column_ruins,
          column_ruins_circle_small, column_ruins_hut_ruined,
          column_ruins_open_medium, column_ruins_corridor_dead_end,
          column_ruins_open_medium, column_ruins_corridor_T, enter_trove_2,
          hangedman_abyss_entry_splay
Zot:1:    layout_onion_interference
Zot:2:    gammafunk_dig_for_victory, layout_misc_corridors,
          hangedman_zot_decor_unnerving_road
Zot:3:    grunt_twist_and_shout, layout_onion_interference,
          gammafunk_ghost_cemetery, grunt_ministairs_13, uniq_parghit
Zot:4:    layout_twisted_circle, zot_minivault_4
Zot:5:    layout_onion, grunt_ministairs_3

Skill      XL: |  1  2  3  4  5  6  7  8  9 10 11 12 13 14 15 16 17 18 19 20 21 22 23 24 25 26 27 |
---------------+----------------------------------------------------------------------------------+-----
Spellcasting   | 2 3 4 5 6 7 8 9 10 11 12 13 14 15 16 17 18 | 18.0
Earth Magic    | 3 4 5 6 7 8 9 10 11 12 14 | 14.0
Conjurations   | 1 2 3 4 6 7 8 9 11 12 21 | 21.0
Polearms       | 2 4 5 6 9 10 11 12 13 14 | 14.0
Armour         | 1 2 3 5 6 7 8 9 10 | 10.0
Fighting       | 3 5 6 7 8 9 10 11 12 13 14 15 16 17 19 | 19.0
Necromancy     | 1 5 7 8 9 11 12 13 14 15 16 18 19 20 | 20.0
Dodging        | 2 5 6 7 8 10 11 14 | 14.0
Shields        | 5 6 7 8 10 11 12 13 14 | 14.0
Ice Magic      | 2 4 7 8 9 10 11 | 11.0
Stealth        | 1 |  1.0
Air Magic      | 1 4 6 7 |  7.0
Evocations     | 1 2 3 4 5 6 |  6.0
Fire Magic     | 1 4 5 8 9 11 12 13 14 20 | 20.9
Summonings     | 6 |  6.9
Invocations    | |  1.0

Action                     |  1- 3 |  4- 6 |  7- 9 | 10-12 | 13-15 | 16-18 | 19-21 | 22-24 | 25-27 || total
---------------------------+-------+-------+-------+-------+-------+-------+-------+-------+-------++-------
  Melee: Dagger            |    44 |       |       |       |       |       |       |       |       ||    44
         Mace              |     5 |     6 |       |       |       |       |       |       |       ||    11
         Trident           |       |    67 |    47 |   423 |   254 |   143 |     4 |     3 |       ||   941
         Halberd           |       |       |       |    13 |       |       |       |       |       ||    13
         Staff             |       |       |       |     4 |    13 |     1 |    30 |    51 |    14 ||   113
         Double sword      |       |       |       |       |    18 |       |       |       |       ||    18
         War axe           |       |       |       |       |     5 |       |       |       |       ||     5
         Demon trident     |       |       |       |       |       |       |       |       |   294 ||   294
         Morningstar       |       |       |       |       |       |       |       |       |     9 ||     9
  Throw: Dart              |     2 |     9 |     2 |     3 |       |       |       |       |       ||    16
   Cast: Sandblast         |    29 |    69 |     2 |     3 |       |       |       |       |       ||   103
         Stone Arrow       |       |     8 |    81 |   222 |    63 |       |       |       |       ||   374
         Animate Dead      |       |       |       |    16 |    17 |    11 |    14 |    12 |    25 ||    95
         Borgnjor's Vile C |       |       |       |    22 |   158 |   244 |   274 |   116 |   316 ||  1130
         Freezing Cloud    |       |       |       |       |    67 |   111 |   164 |    84 |    78 ||   504
         Sublimation of Bl |       |       |       |       |    24 |   113 |    84 |    62 |   443 ||   726
         Death Channel     |       |       |       |       |    13 |    20 |    28 |    41 |    70 ||   172
         Ozocubu's Armour  |       |       |       |       |     1 |     3 |    37 |    36 |    38 ||   115
         Simulacrum        |       |       |       |       |    13 |    13 |    20 |    57 |    36 ||   139
         Fireball          |       |       |       |       |       |   118 |     6 |     2 |       ||   126
         Starburst         |       |       |       |       |       |       |     1 |    22 |    15 ||    38
         Iron Shot         |       |       |       |       |       |       |       |    63 |   389 ||   452
         Infestation       |       |       |       |       |       |       |       |    12 |   143 ||   155
         Ignition          |       |       |       |       |       |       |       |       |   199 ||   199
         Lehudib's Crystal |       |       |       |       |       |       |       |       |   140 ||   140
         Fire Storm        |       |       |       |       |       |       |       |       |    17 ||    17
         Haunt             |       |       |       |       |       |       |       |       |     6 ||     6
 Invoke: Unearth Wretches  |       |       |       |       |     1 |       |       |     1 |     6 ||     8
         Receive Forbidden |       |       |       |       |       |       |     1 |       |       ||     1
  Evoke: Wand              |       |       |       |    11 |    26 |       |       |     1 |     5 ||    43
         Box of beasts     |       |       |       |       |     1 |     2 |       |       |       ||     3
         Phantom mirror    |       |       |       |       |       |     1 |       |       |     1 ||     2
         Condenser vane    |       |       |       |       |       |       |       |       |     2 ||     2
    Use: Potion            |     1 |       |     1 |     7 |    17 |     8 |       |    15 |    26 ||    75
         Scroll            |       |       |     4 |     8 |    13 |    11 |       |     9 |    30 ||    75
   Stab: Sleeping          |     1 |       |     1 |     2 |       |       |       |       |       ||     4
         Invisible         |       |       |       |     3 |       |       |       |       |       ||     3
         Distracted        |       |       |       |     4 |     6 |     2 |       |     2 |     4 ||    18
         Paralysed         |       |       |       |       |     3 |       |       |       |       ||     3
 Armour: Robe              |    14 |    46 |    16 |    63 |    82 |    79 |    55 |    43 |   103 ||   501
         Quicksilver drago |       |       |       |       |       |       |       |       |    76 ||    76
  Dodge: Dodged            |    26 |    25 |    15 |   185 |   141 |   150 |    75 |    99 |   369 ||  1085
         Repelled          |       |       |       |       |       |       |       |     3 |    26 ||    29
  Block: Buckler           |    24 |    49 |    28 |   277 |   208 |   207 |       |       |       ||   793
         Reflection        |       |     1 |     3 |    20 |    10 |    22 |    91 |    75 |       ||   222
         Other             |       |       |       |     1 |       |       |       |       |       ||     1
         Kite shield       |       |       |       |       |       |       |   245 |   265 |   545 ||  1055
